 Dungeon Sprint DCSS version bcrawl-1.21.3-16-g7f46a08de7 (webtiles) character file.

Game seed: 12138481760257380550

125 Dyss the Destroyer (level 5, 0/31 HPs)
             Began as a Fairy Conjurer on Apr 30, 2020.
             Was an Initiate of Vehumet.
             Slain by a centaur warrior (7 damage)
             ... in the Dungeon (Sprint IX: "|||||||||||||||||||||||||||||").
             The game lasted 00:02:18 (172 turns).

Dyss the Destroyer (Fairy Conjurer)                  Turns: 172, Time: 00:02:19

Health: 0/31       AC:  6    Str: 12    XL:     5   Next: 9%
Magic:  5/11       EV: 16    Int: 19    God:    Vehumet [......]
Gold:   0          SH:  4    Dex: 13    Spells: 5/9 levels left

rFire    . . .     SeeInvis .   (weapon restricted)
rCold    . . .     Gourm    .   (shield restricted)
rNeg     . . .     Faith    .   (armour unavailable)
rPois    .         Spirit   .   (no helmet)
rElec    .         Reflect  .   n - +0 cloak
rCorr    .         Harm     .   o - +0 pair of gloves
MR       .....     NoTele   +   (no boots)
Stlth    +.........             (no amulet)
HPRegen  0.10/turn              m - +3 ring of strength
MPRegen  0.12/turn              p - +3 ring of strength

@: flying evasively
A: small, magic attunement, unstealthy, unfitting armour, able to fly, AC/SH +4
a: Stop Flying, Renounce Religion


You were in the Dungeon.
You worshipped Vehumet.
Vehumet was noncommittal.
You were not hungry.

You visited 1 branch

Inventory:

Armour
 n - a +0 cloak (worn)
 o - a +0 pair of gloves (worn)
Magical Staves
 l - an uncursed staff of energy
Jewellery
 m - a +3 ring of strength (left hand)
 p - a +3 ring of strength (right hand)
Wands
 k - a wand of iceblast (10)
Scrolls
 h - 2 scrolls of blinking
 i - 3 scrolls of remove curse
 j - 2 scrolls of amnesia
Potions
 a - a potion of invisibility
 b - 5 potions of magic
 c - 3 potions of heal wounds
 d - 5 potions of curing
 f - a potion of haste
 g - a potion of berserk rage
Comestibles
 e - a ration {!d}


   Skills:
 - Level 2.6 Dodging
 - Level 1.5 Stealth
 - Level 2.6 Spellcasting
 + Level 12.1 Conjurations


You had 5 spell levels left.
You knew the following spells:

 Your Spells              Type           Power        Failure   Level  Hunger
a - Magic Dart            Conj           ####         1%          1    None
b - Iskenderun's Mystic   Conj           #####...     1%          3    None

Your spell library contained the following spells:

 Spells                   Type           Power        Failure   Level  Hunger
 Searing Ray              Conj           #####...     1%          2    None
 Fulminant Prism          Conj/Hex       ####......   13%         4    None
 Irradiate                Conj/Tmut      ####......   34%         5    None


Dungeon Overview and Level Annotations

Branches:
Dungeon (1/1)

Altars:
Cheibriados
Dithmenos
Elyvilon
Fedhas
Gozag
Hepliaklqana
Kikubaaqudgha
Lugonu
Makhleb
Nemelex Xobeh
Okawaru
Qazlal
Ru
Sif Muna
Trog
Uskayaw
Vehumet
Wu Jian
Xom
Yredelemnul
Zin
The Shining One
Beogh
Jiyva


Innate Abilities, Weirdness & Mutations

Your spells do not cause hunger and MP costs are reduced by 1.
Your bright wings attract enemies. (Stealth-)
You cannot fit into any form of body armour.
Your shimmering scales are hard and can block incoming attacks. (AC +4, SH +4)
You are small and have problems with some larger weapons.
You can fly continuously.


Message History

Casting: Iskenderun's Mystic Blast (safe; 1% risk of failure)
Confirm with . or Enter, or press ? or * to list all spells.
Aiming: Iskenderun's Mystic Blast (safe; 1% risk of failure)
Press: ? - help, Shift-Dir - straight line, f/p - centaur warrior
Aim: a centaur warrior, wielding a +0 longbow and quivering 99 arrows (lightly wounded)
The orb of energy hits the centaur warrior.
The centaur warrior is moderately wounded.
The orb of energy explodes!
The centaur warrior shoots an arrow.
You block the arrow.
Casting: Iskenderun's Mystic Blast (safe; 1% risk of failure)
Confirm with . or Enter, or press ? or * to list all spells.
Aiming: Iskenderun's Mystic Blast (safe; 1% risk of failure)
Press: ? - help, Shift-Dir - straight line, f/p - centaur warrior
Aim: a centaur warrior, wielding a +0 longbow and quivering 98 arrows (moderately wounded)
The orb of energy hits the centaur warrior!
The centaur warrior is heavily wounded.
The orb of energy explodes!
The mystic blast hits something!
The centaur warrior unwields a +0 longbow.
The centaur warrior hits you!
You die... ▓▓▓▓▓▓▓▓▓▓▓▓▓▓▓▓▓▓▓▓▓▓▓▓ _______'...)..[.@c.{oODF ▓▓▓▓▓▓▓▓▓▓▓▓▓▓▓▓▓▓▓▓▓▓▓▓

You could see a four-headed hydra, a centaur warrior, a two-headed ogre, a bullfrog and an orc.

Vanquished Creatures
  An ogre (D)
  A howler monkey (D)
  2 bats (D)
  A bat zombie (D)
  A kobold (D)
  2 frilled lizards (D)
  A quokka skeleton (D)
  A rat (D)
10 creatures vanquished.

Notes
Turn   | Place    | Note
-------+----------+-------------------------------------------
     0 | D        | Dyss the Fairy Conjurer began the quest for the Orb.
     0 | D        | Reached XP level 1. HP: 11/11 MP: 6/6
     5 | D        | Reached skill level 5 in Conjurations
     9 | D        | Reached skill level 6 in Conjurations
    19 | D        | Noticed an ogre
    19 | D        | Noticed a howler monkey
    27 | D        | Killed an ogre
    27 | D        | Reached skill level 11 in Conjurations
    27 | D        | Reached XP level 2. HP: 17/17 MP: 7/7
    27 | D        | Reached XP level 3. HP: 21/21 MP: 9/9
    27 | D        | Reached XP level 4. HP: 27/27 MP: 10/10
    32 | D        | Reached skill level 12 in Conjurations
    32 | D        | Reached XP level 5. HP: 28/31 MP: 11/11
    92 | D        | Learned a level 3 spell: Iskenderun's Mystic Blast
    97 | D        | Found a roughly hewn altar of Beogh.
    97 | D        | Found a snail-covered altar of Cheibriados.
    97 | D        | Found a shadowy altar of Dithmenos.
    97 | D        | Found a white marble altar of Elyvilon.
    97 | D        | Found a blossoming altar of Fedhas.
    97 | D        | Found an opulent altar of Gozag.
    98 | D        | Found a hazy altar of Hepliaklqana.
    99 | D        | Found a viscous altar of Jiyva.
   100 | D        | Found an ancient bone altar of Kikubaaqudgha.
   101 | D        | Found a corrupted altar of Lugonu.
   102 | D        | Found a burning altar of Makhleb.
   103 | D        | Found a sparkling altar of Nemelex Xobeh.
   104 | D        | Found an iron altar of Okawaru.
   105 | D        | Found a stormy altar of Qazlal.
   106 | D        | Found a sacrificial altar of Ru.
   107 | D        | Found a shimmering blue altar of Sif Muna.
   108 | D        | Found a bloodstained altar of Trog.
   109 | D        | Found a hide-covered altar of Uskayaw.
   110 | D        | Found a radiant altar of Vehumet.
   111 | D        | Found an ornate altar of the Wu Jian Council.
   112 | D        | Found a shimmering altar of Xom.
   113 | D        | Found a basalt altar of Yredelemnul.
   114 | D        | Found a glowing silver altar of Zin.
   115 | D        | Found a glowing golden altar of the Shining One.
   118 | D        | Became a worshipper of Vehumet
   169 | D        | Noticed a centaur warrior
   169 | D        | Noticed a sky beast
   169 | D        | Noticed a two-headed ogre
   169 | D        | Noticed a four-headed hydra
   169 | D        | Noticed a bullfrog
   172 | D        | Slain by a centaur warrior

Skill      XL: |  1  2  3  4 |
---------------+-------------+-----
Conjurations   | 11 12 | 12.1
Dodging        | |  2.6
Stealth        | |  1.5
Spellcasting   | |  2.6

Action                   |  1- 3 |  4- 6 || total
-------------------------+-------+-------++-------
 Cast: Magic Dart        |    16 |    11 ||    27
       Iskenderun's Myst |       |     3 ||     3
Armor: Skin              |     1 |     4 ||     5
Dodge: Dodged            |    11 |     6 ||    17
Block: Other             |     2 |     2 ||     4
